 Dungeon Crawl Stone Soup version 0.18.1-47-g9310371 (webtiles) character file.

457 rftp080 the Ruffian (level 7, -5/50 HPs)
             Began as a Ghoul Wizard on June 20, 2016.
             Killed by divine providence
             ... invoked by an orc priest
              (10 damage)
             ... on level 4 of the Dungeon.
             The game lasted 00:11:43 (3903 turns).

rftp080 the Ruffian (Ghoul Wizard)                  Turns: 3903, Time: 00:11:44

Health: -5/50      AC:  8    Str: 11      XL:     7   Next: 6%
Magic:  10/10      EV: 11    Int: 14 (15) God:
Gold:   166        SH:  0    Dex:  7      Spells: 3 memorised, 6 levels left

rFire  . . .     SeeInvis .       - Unarmed
rCold  + . .     Gourm    .     a - +0 robe
rNeg   + + +     Faith    .     (no shield)
rPois  ∞         Spirit   .     b - +0 hat
rElec  .         Dismiss  .     e - +2 cloak
rCorr  .         Reflect  .     (no gloves)
SustAt .         Harm     .     o - +2 pair of boots
MR     .....                    (no amulet)
Stlth  ++........               (no ring)
                                (no ring)

@: rotting, not resistant to hostile enchantments, unstealthy
A: rotting body, claws 1, carnivore 3, cold resistance 1, negative energy
resistance 3, slow regeneration 1, torment resistance, unbreathing
a: no special abilities


You were on level 4 of the Dungeon.
You were not hungry.

You visited 1 branch of the dungeon, and saw 4 of its levels.

You collected 166 gold pieces.

Inventory:

Missiles
 l - 2 needles of paralysis
Armour
 a - a +0 robe (worn)
 b - a +0 hat (worn)
 e - a +2 cloak (worn)
 o - a +2 pair of boots (worn)
Jewellery
 n - an uncursed amulet of harm
Wands
 k - a wand of iceblast (10/15)
 m - a wand of slowing (27/48)
Scrolls
 h - 3 scrolls of recharging
 j - 2 scrolls of remove curse {unknown}
 p - a scroll of fear {unknown}
 r - a scroll of teleportation {unknown}
Potions
 f - a potion of mutation
Books
 c - a book of Minor Magic

   Spells                             Type                      Level
   a - Magic Dart                     Conjuration                  1
   b - Blink                          Translocation                2
   c - Call Imp                       Summoning                    2
   d - Repel Missiles                 Charms/Air                   2
   e - Slow                           Hexes                        2
   f - Conjure Flame                  Conjuration/Fire             3
   g - Mephitic Cloud                 Conjuration/Poison/Air       3
Comestibles
 d - 2 meat rations
 i - a slice of pizza


   Skills:
 - Level 1.7 Dodging
 - Level 2.1 Stealth
 * Level 7.6 Unarmed Combat
 - Level 2.6 Spellcasting
 - Level 0.7 Conjurations
   Level 0.8 Summonings
 - Level 0.8 Translocations


You had 6 spell levels left.
You knew the following spells:

 Your Spells              Type           Power        Failure   Level  Hunger
a - Magic Dart            Conj           #...         21%         1    #......
b - Repel Missiles        Chrm/Air       #.....       34%         2    ###....
c - Blink                 Tloc           N/A          24%         2    ###....


Dungeon Overview and Level Annotations

Branches:
Dungeon (4/15)
 Temple: D:4-7

Altars:
Dithmenos


Innate Abilities, Weirdness & Mutations

Your body is rotting away.
You thrive on raw meat.
You are immune to poison.
You have sharp fingernails.
You are carnivorous and can eat meat at any time.
Your flesh is cold resistant.
You are immune to negative energy.
You regenerate slowly when monsters are visible.
You are immune to unholy pain and torment.
You can survive without breathing.


Message History

Drink which item? (? for menu, Esc to quit)
It was a potion of mutation.
You feel extremely strange.
Your body decomposes!
You feel dopey.
Your body decomposes! x2
* * * LOW HITPOINT WARNING * * *
Something hits you but does no damage. x2
Unknown command.
Drink which item? (? for menu, Esc to quit)
You feel better. Something hits you but does no damage.
The orc priest invokes the aid of Beogh against you.
Beogh smites you!
* * * LOW HITPOINT WARNING * * *
You claw something!
Reactivating autopickup.
You have reached level 7!
You feel a bit more experienced.
The orc priest invokes the aid of Beogh against you.
Beogh smites you!
You die...

#.# #.# #.# #o#
#.##############.# #o#
#................# #.#
#.##############^# #o# #.#
#.# #.# #.# #.# #.# #.# #.#
#.########.##############.#
##.........oo)o.@..........#
...########.##############.#
............# #.#
############# #<# ###


You could see an orc priest and 2 orcs.

Vanquished Creatures
  A phantom (D:4)
  An orc priest (D:3)
  Ijyb (D:3)
  A worker ant (D:4)
  Natasha (thrice) (D:4)
  2 orc wizards (D:4)
  A hound skeleton (D:4)
  Robin (D:4)
  4 adders
  An ooze (D:1)
  2 dart slugs
  4 giant geckos
  2 orcs (D:3)
  3 giant cockroaches
  15 goblins
  7 hobgoblins
  19 jackals
  A quokka (D:2)
  A ball python (D:4)
  7 bats
  5 giant newts
  3 kobolds
  A quokka skeleton (D:4)
  5 rats
91 creatures vanquished.

Notes
Turn   | Place    | Note
--------------------------------------------------------------
     0 | D:1      | rftp080 the Ghoul Wizard began the quest for the Orb.
     0 | D:1      | Reached XP level 1. HP: 14/14 MP: 3/3
   304 | D:1      | Reached skill level 1 in Unarmed Combat
   304 | D:1      | Reached XP level 2. HP: 14/20 MP: 1/4
   492 | D:1      | Reached skill level 2 in Unarmed Combat
   801 | D:2      | Found a faded altar to an unknown god.
   812 | D:2      | Reached XP level 3. HP: 24/26 MP: 6/6
   865 | D:2      | Reached skill level 3 in Unarmed Combat
  1324 | D:2      | Reached skill level 4 in Unarmed Combat
  1324 | D:2      | Reached XP level 4. HP: 31/33 MP: 7/7
  1563 | D:3      | Noticed Ijyb
  1582 | D:2      | Learned a level 2 spell: Repel Missiles
  1585 | D:2      | Learned a level 2 spell: Blink
  1721 | D:3      | Killed Ijyb
  1796 | D:3      | Found a shadowy altar of Dithmenos.
  1848 | D:3      | Reached XP level 5. HP: 37/38 MP: 8/8
  1858 | D:3      | Reached skill level 5 in Unarmed Combat
  2211 | D:4      | Noticed Natasha
  2230 | D:4      | Killed Natasha
  2381 | D:4      | Noticed a phantom
  2433 | D:4      | Killed a phantom
  2433 | D:4      | Reached skill level 6 in Unarmed Combat
  2433 | D:4      | Reached XP level 6. HP: 7/44 MP: 2/9
  2947 | D:4      | Noticed Natasha
  2953 | D:4      | Killed Natasha
  3036 | D:4      | Noticed Natasha
  3304 | D:4      | Killed Natasha
  3304 | D:4      | Reached skill level 7 in Unarmed Combat
  3745 | D:4      | Noticed Robin
  3759 | D:4      | Killed Robin
  3901 | D:4      | Reached XP level 7. HP: 5/50 MP: 10/10
  3903 | D:4      | Killed from afar by an orc priest

Skill      XL: |  1  2  3  4  5  6 |
---------------+-------------------+-----
Unarmed Combat | 1 2 4 6 7 |  7.6
Dodging        | |  1.7
Stealth        | |  2.1
Spellcasting   | |  2.6
Conjurations   | |  0.7
Summonings     | |  0.8
Translocations | |  0.8

Action                   |  1- 3 |  4- 6 |  7- 9 || total
-------------------------+-------+-------+-------++-------
Melee: Unarmed           |   145 |   324 |       ||   469
       Punch             |     1 |     5 |       ||     6
 Cast: Magic Dart        |     8 |    16 |       ||    24
       Repel Missiles    |       |     1 |       ||     1
       Blink             |       |     3 |       ||     3
  Use: Scroll            |       |     5 |       ||     5
       Potion            |       |     8 |       ||     8
 Stab: Sleeping          |     2 |       |       ||     2
  Eat: Chunk             |    19 |    38 |       ||    57
Armor: Robe              |    73 |   115 |       ||   188
Dodge: Dodged            |    93 |   162 |       ||   255
       Deflected         |       |     1 |       ||     1
